[Event "*** SCC Grand Prix: Titled Tuesday Blitz"]
[Site "Chess.com"]
[Date "2020.09.29"]
[Round "8"]
[White "Xeniya2005"]
[Black "gumimis"]
[Result "0-1"]
[WhiteElo "2367"]
[BlackElo "2239"]
[TimeControl "180+1"]
[EndTime "11:32:11 PDT"]
[Termination "gumimis won by checkmate"]

1. e4 c5 2. Be2 Nc6 3. f4 g6 4.
Nf3 Bg7 5. O-O e6 6. d3 Nge7 7. c3 O-O 8. Be3 b6 9. Nbd2 d5 10. e5 d4 11. Bf2 dxc3 12. bxc3 Nd5 13. Ne4 Nxf4 14. Bg3 Nxe2+ 15. Qxe2 Ba6 16. c4 Nd4 17. Nxd4 Qxd4+ 18. Kh1 Rad8 19. Rad1 Kh8 20. Nf6 b5 21. Bf2 Qc3 22. Bxc5 bxc4 23. d4 Qa5 24. Bxf8 Bxf8 25.
Qe3 c3 26. Rf3 Qa4 27. Rg1 Qxd4 28. Rh3 h5 29. Rxh5+ gxh5 30. Qg5 Qxg1+ 31. Kxg1 Bc5+ 32. Kh1 Rd1# 0-1

[Event "*** SCC Grand Prix: Titled Tuesday Blitz"]
[Site "Chess.com"]
[Date "2020.09.29"]
[Round "8"]
[White "Djager97"]
[Black "NotFischer"]
[Result "1-0"]
[WhiteElo "2475"]
[BlackElo "2297"]
[TimeControl "180+1"]
[EndTime "11:32:12 PDT"]
[Termination "Djager97 won by resignation"]

1. e4 d5 2. exd5 Nf6 3. Nf3 Bg4 4. h3 Bxf3 5. Qxf3 Qxd5 6. Qxd5 Nxd5 7. Bc4 Nb6 8. Bb3 Nc6 9. Nc3 e6 10. d3 a5 11. a3 a4 12. Ba2 Be7 13. Be3 O-O 14. Bxb6 cxb6 15. O-O-O Rfc8 16. Ne4 Nd4 17. c3 b5 18. Kb1 Nf5 19. d4 Rd8 20. Rhe1 b4 21. axb4 a3 22. Bb3 Nd6 23. bxa3 Rxa3 24. Kb2 Rda8 25.
Nxd6 Bxd6 26. g3 Kf8 27. f4 h5 28. h4 Be7 29. d5 exd5 30. Rxd5 g6 31. Rd7 Bf6 32.
Rxf7+ 1-0

[Event "*** SCC Grand Prix: Titled Tuesday Blitz"]
[Site "Chess.com"]
[Date "2020.09.29"]
[Round "8"]
[White "Caterpiller35"]
[Black "ExtremeLearner"]
[Result "0-1"]
[WhiteElo "2490"]
[BlackElo "2333"]
[TimeControl "180+1"]
[EndTime "11:32:13 PDT"]
[Termination "ExtremeLearner won by resignation"]

1. d4 d5 2. Bf4 c5 3. e3 Nc6 4. c3 Bf5 5. Qb3 Qb6 6. dxc5 Qxb3 7.
axb3 e5 8. Bg3 Bxc5 9. Nf3 f6 10. Nbd2 Nh6 11. Bb5 Nf7 12. O-O g5 13. Rfe1 h5 14. h4 g4 15. e4 gxf3 16. exf5 fxg2 17. Kxg2 Nh6 18. Bxe5 fxe5 19. Rxe5+ Kf7 20. Rxd5 Be7 21. Nc4 Rhg8+ 22. Kf3 Ng4 23. Bxc6 bxc6 24. Rd7 Ke8 25. Raxa7 Rxa7 26. Rxa7 Nh2+ 27. Kf4 Rg4+ 28. Ke5 Nf3+ 29. Ke6 Re4+ 0-1

[Event "*** SCC Grand Prix: Titled Tuesday Blitz"]
[Site "Chess.com"]
[Date "2020.09.29"]
[Round "8"]
[White "Roza_Idrisova"]
[Black "KyrgyzFighter"]
[Result "0-1"]
[WhiteElo "2145"]
[BlackElo "2373"]
[TimeControl "180+1"]
[EndTime "11:32:14 PDT"]
[Termination "KyrgyzFighter won on time"]

1. d4 f5 2. Nf3 Nf6 3. g3 g6 4.
Bg2 Bg7 5. O-O O-O 6. c4 d6 7. Nc3 Qe8 8. d5 Na6 9. Nd4 Bd7 10. e4 fxe4 11. Nxe4 Nxe4 12. Bxe4 Nc5 13. Bg2 Qf7 14. Be3 a5 15. Rc1 Rac8 16. b3 c6 17. Qd2 Kh8 18.
dxc6 bxc6 19. Qxa5 e5 20. Nf3 e4 21. Ng5 Qe7 22. Qd2 Nd3 23. Rcd1 d5 24. Nh3 Bxh3 25. Bxh3 Rce8 26. cxd5 cxd5 27. Bg5 Qf7 28. Bh6 Bxh6 29. Qxh6 Nxf2 30. Rde1 e3 31. Bg2 e2 32. Rxe2 Rxe2 33. Qg5 Qa7 0-1

[Event "*** SCC Grand Prix: Titled Tuesday Blitz"]
[Site "Chess.com"]
[Date "2020.09.29"]
[Round "8"]
[White "Trickov"]
[Black "anon569"]
[Result "1-0"]
[WhiteElo "2362"]
[BlackElo "2243"]
[TimeControl "180+1"]
[EndTime "11:32:14 PDT"]
[Termination "Trickov won by checkmate"]

1. d4 Nf6 2. Nf3 e6 3. g3 b6 4. Bg2 Bb7 5. O-O Be7 6. c4 O-O 7.
Nc3 d6 8. Qc2 Nbd7 9. e4 e5 10.
h3 Re8 11. Rd1 exd4 12. Nxd4 Bf8 13. b3 Qc8 14. Be3 Nc5 15. f3 Ne6 16. Rac1 g6 17. Nd5 Bg7 18. Bf2 Nd7 19. b4 a5 20. a3 axb4 21. axb4 Ra7 22. f4 Nxd4 23. Bxd4 Bxd4+ 24. Rxd4 Bc6 25. h4 Qa8 26. Rd2 Bxd5 27. cxd5 b5 28.
Qb2 Qb7 29. Bh3 Nf8 30. Rdc2 Qb6+ 31. Kh2 Rea8 32. Qf6 Qe3 33. Rxc7 Ra2+ 34. Bg2 Qf2 35. Qxf7+ Kh8 36. Qg7# 1-0

[Event "*** SCC Grand Prix: Titled Tuesday Blitz"]
[Site "Chess.com"]
[Date "2020.09.29"]
[Round "8"]
[White "Snowflake"]
[Black "kreonx"]
[Result "0-1"]
[WhiteElo "2468"]
[BlackElo "2363"]
[TimeControl "180+1"]
[EndTime "11:32:16 PDT"]
[Termination "kreonx won by resignation"]

1. Nf3 g6 2. g3 Bg7 3. Bg2 e5 4. d3 Nc6 5. O-O Nge7 6. Nc3 h6 7. e4 O-O 8. Nd5 Nxd5 9. exd5 Ne7 10. c4 d6 11. d4 e4 12. Nd2 f5 13. Re1 c6 14. dxc6 Nxc6 15. Nb3 d5 16. cxd5 Qxd5 17. Be3 Rd8 18. Qe2 b6 19. Rac1 Bb7 20. Red1 Rac8 21. h4 Nb4 22. Nd2 Nxa2 23. Rxc8 Rxc8 24. g4 Nb4 25.
gxf5 gxf5 26. Qh5 Qf7 27. Qxf7+ Kxf7 28. Nf1 Rc2 29. Ng3 Bc8 30. Bh3 f4 31. Bxc8 fxe3 32. Bf5 exf2+ 33. Kf1 Rxb2 34. Nxe4 Nd5 35. Nxf2 Ne3+ 36.
Ke1 Nxf5 37. d5 Bc3+ 0-1

[Event "*** SCC Grand Prix: Titled Tuesday Blitz"]
[Site "Chess.com"]
[Date "2020.09.29"]
[Round "8"]
[White "anon102030"]
[Black "chegueps"]
[Result "0-1"]
[WhiteElo "2721"]
[BlackElo "2483"]
[TimeControl "180+1"]
[EndTime "11:32:18 PDT"]
[Termination "chegueps won by checkmate"]

1. e4 e6 2. d3 c5 3. Nc3 a6 4. g3 b5 5. Bg2 Bb7 6. Be3 b4 7. Nce2 d5 8. exd5 Nf6 9. Nf3 Nxd5 10.
Bd2 Be7 11. O-O O-O 12. Re1 Bf6 13. Rb1 Nc6 14. Nf4 Qa5 15. Nxd5 exd5 16. Bf4 Qxa2 17.
Bd6 Rfe8 18. Bxc5 Bxb2 19. Nd2 Bc3 20. Rxe8+ Rxe8 21. Rb3 Bxd2 22. Qxd2 Qa1+ 23. Bf1 Re1 24. f3 Rxf1+ 25. Kg2 d4 26. Qe2 Rg1+ 27. Kf2 Ne5 28. h3 Bxf3 29. Rxb4 Rg2# 0-1

[Event "*** SCC Grand Prix: Titled Tuesday Blitz"]
[Site "Chess.com"]
[Date "2020.09.29"]
[Round "8"]
[White "CheckThis4"]
[Black "GiantThresher"]
[Result "0-1"]
[WhiteElo "2623"]
[BlackElo "2771"]
[TimeControl "180+1"]
[EndTime "11:32:20 PDT"]
[Termination "GiantThresher won on time"]

1. d4 Nf6 2. Bg5 Ne4 3. Bf4 c5 4. f3 Qa5+ 5. c3 Nf6 6. d5 e6 7. e4 exd5 8. exd5 d6 9. Qd2 Be7 10. c4 Qxd2+ 11. Kxd2 b5 12. Nc3 bxc4 13. Bxc4 Ba6 14.
Nb5 Kd7 15. Ne2 Bb7 16. Nbc3 Na6 17. Ng3 Nc7 18. Nf5 Nfxd5 19. Nxd5 Nxd5 20. Bxd5 Bxd5 21. Rhe1 Be6 22. Nxg7 Rhg8 23. Nxe6 Rxg2+ 24. Re2 Rxe2+ 25. Kxe2 fxe6 26. Rg1 Rf8 27. Be3 Rf7 28. b3 Kc6 29. Rg8 Bf6 30. Re8 Kd5 31. Rg8 Rg7 32. Rf8 Be5 33.
f4 Bd4 34. Re8 Rg2+ 35. Kf3 Rxa2 36. Bxd4 cxd4 37. Rg8 Rxh2 38. Rg5+ e5 39. f5 Rh3+ 40. Kg2 Rxb3 41. f6 Ke6 42. Rf5 Kxf5 0-1

[Event "*** SCC Grand Prix: Titled Tuesday Blitz"]
[Site "Chess.com"]
[Date "2020.09.29"]
[Round "8"]
[White "Alindsay211"]
[Black "bratkoo"]
[Result "0-1"]
[WhiteElo "2396"]
[BlackElo "2534"]
[TimeControl "180+1"]
[EndTime "11:32:20 PDT"]
[Termination "bratkoo won on time"]

1. e4 e6 2. d4 d5 3. e5 Be7 4.
Nf3 c5 5. c3 Nc6 6. a3 Qb6 7.
Be2 Nh6 8. O-O cxd4 9. cxd4 Nf5 10. Bd3 Nfxd4 11. Nxd4 Qxd4 12. Re1 Bd7 13. Qe2 O-O 14. Nc3 Nxe5 15. Bxh7+ Kxh7 16. Qh5+ Kg8 17. Be3 Qg4 18. Qxe5 Bf6 19. Qc7 Bc6 20. f3 Qh5 21. Qa5 b6 22. Qb4 Rfd8 23. Rad1 Rac8 24. Bd4 e5 25. Bf2 e4 26.
fxe4 Be5 27. Bg3 Bxg3 28. hxg3 dxe4 29. Rxd8+ Rxd8 30. Nxe4 Rd1 31. Rxd1 Qxd1+ 32. Kf2 Qc2+ 33. Nd2 Qd3 34. Qc3 Qd5 35. Nf3 f6 36. g4 Qe4 37.
Qe3 Qxg4 38. Qb3+ Kh8 39. Qf7 Be4 40. Qe8+ Kh7 41. Qe7 a5 42. Qd6 b5 43. Qh2+ Kg6 44. Nh4+ Kf7 45. Qc7+ Ke6 46. Qb6+ Kd7 47. Qxb5+ Bc6 0-1

[Event "*** SCC Grand Prix: Titled Tuesday Blitz"]
[Site "Chess.com"]
[Date "2020.09.29"]
[Round "8"]
[White "Vesper2018"]
[Black "Miss_JJ20"]
[Result "1-0"]
[WhiteElo "2617"]
[BlackElo "2453"]
[TimeControl "180+1"]
[EndTime "11:32:22 PDT"]
[Termination "Vesper2018 won on time"]

1. e4 c5 2. Nc3 Nc6 3. Bb5 Nd4 4. Bc4 g6 5. Nf3 Bg7 6. Nxd4 cxd4 7. Qf3 Nf6 8. Ne2 O-O 9. Nxd4 a6 10. a4 Nxe4 11. Qxe4 d5 12. Bxd5 e6 13. Bxb7 Bxb7 14. Qxb7 Bxd4 15.
c3 Bg7 16. d4 e5 17. dxe5 Qd3 18. Qf3 Qc4 19. Qe2 Qxe2+ 20. Kxe2 Bxe5 21. Kd3 Rac8 22. Be3 Rfd8+ 23. Kc2 Rc4 24. a5 Rdc8 25. Rhd1 h5 26. Rd5 Bxh2 27. g3 h4 28. Rh1 hxg3 29.
fxg3 Bxg3 30. Bd4 Kf8 31. Bf6 1-0

[Event "*** SCC Grand Prix: Titled Tuesday Blitz"]
[Site "Chess.com"]
[Date "2020.09.29"]
[Round "8"]
[White "SanchezKelvin"]
[Black "AliKa2810"]
[Result "0-1"]
[WhiteElo "2400"]
[BlackElo "2556"]
[TimeControl "180+1"]
[EndTime "11:32:22 PDT"]
[Termination "AliKa2810 won by checkmate"]

1. e4 e6 2. d4 d5 3. Nd2 c5 4. exd5 exd5 5. Ngf3 Nc6 6. Bb5 Qe7+ 7. Qe2 Qxe2+ 8. Kxe2 a6 9. Bxc6+ bxc6 10. c3 Nf6 11. Re1 c4 12. Kf1+ Be7 13. b3 cxb3 14. Ba3 Be6 15. Bxe7 b2 16. Rab1 Kxe7 17. Rxb2 Rhb8 18. Reb1 Rxb2 19. Rxb2 Ra7 20. Rb6 Nd7 21. Rxc6 a5 22. Nb3 a4 23. Nc5 a3 24. Nxd7 Bxd7 25. Rb6 Ba4 26. Rb4 f6 27. Ke1 Kd6 28. Kd2 Kc6 29. Ne1 Bb5 30. Nd3 Bc4 31. Nc1 g5 32. g3 h5 33. f3 h4 34. Rb8 hxg3 35. hxg3 Rh7 36. Ra8 Rh2+ 37. Ke3 Rc2 38. Nb3 Re2# 0-1

[Event "*** SCC Grand Prix: Titled Tuesday Blitz"]
[Site "Chess.com"]
[Date "2020.09.29"]
[Round "8"]
[White "Manukyan_Artak"]
[Black "paulrusan"]
[Result "0-1"]
[WhiteElo "2377"]
[BlackElo "2277"]
[TimeControl "180+1"]
[EndTime "11:32:27 PDT"]
[Termination "paulrusan won by resignation"]

1. e4 g6 2. d4 Bg7 3. Nc3 d6 4. Bg5 a6 5. Qd2 b5 6. Bd3 Bb7 7. Nf3 Nd7 8. a3 c5 9. d5 Ngf6 10. O-O O-O 11. Rfe1 Qc7 12. Bh6 e6 13. Bxg7 Kxg7 14.
Bf1 exd5 15. exd5 Rfe8 16. h4 b4 17. axb4 cxb4 18. Na4 Nxd5 19. Ng5 N7f6 20. g3 h6 21. Nh3 Rac8 22. Rxe8 Rxe8 23. Bg2 Qe7 24. Rd1 Qe5 25. Bf3 Rc8 26. Re1 Qf5 27. Kg2 Qxc2 28.
Qxc2 Rxc2 29. Kg1 Bc6 30. b3 Bxa4 31. bxa4 Nc3 32. Nf4 b3 33. Ne2 Nxe2+ 34. Bxe2 b2 35.
Bd3 Rc1 36. Kf1 Nd5 37. Ke2 Nc3+ 38. Kd2 Rxe1 39. Kxe1 b1=Q+ 0-1

[Event "*** SCC Grand Prix: Titled Tuesday Blitz"]
[Site "Chess.com"]
[Date "2020.09.29"]
[Round "8"]
[White "RestartingChess"]
[Black "Ladislav1969"]
[Result "1-0"]
[WhiteElo "2511"]
[BlackElo "2353"]
[TimeControl "180+1"]
[EndTime "11:32:29 PDT"]
[Termination "RestartingChess won on time"]

1. e4 c5 2. Nf3 e6 3. b3 Nf6 4. e5 Nd5 5. c4 Ne7 6. Bb2 Nbc6 7.
Be2 Ng6 8. O-O Qc7 9. Nc3 Ncxe5 10. Nb5 Qb8 11. Nxe5 Nxe5 12. d4 cxd4 13. Qxd4 Nc6 14.
Qg4 a6 15. Nc3 h5 16. Qg5 Qe5 17. Qxe5 Nxe5 18. Ne4 f6 19. Rad1 h4 20. f4 Nc6 21.
Bf3 b6 22. Nd6+ Bxd6 23. Rxd6 Bb7 24. Rfd1 O-O-O 25. a3 Kc7 26. b4 Nb8 27. Bxb7 Kxb7 28. b5 Rc8 29. Bd4 Rxc4 30. Rxb6+ Ka8 31. bxa6 Rhc8 32.
h3 Rc1 33. Rxc1 Rxc1+ 34. Kh2 Nc6 35. Bf2 Rc2 36. Bxh4 Nd4 37. Rb7 Nf3+ 38. Kg3 Nxh4 39. Kxh4 Rd2 40. g4 Rd3 41. a4 Rd4 42. Kh5 Rxf4 43.
Rxd7 e5 44. Rxg7 e4 45. Re7 e3 46. Rxe3 Ka7 47. Re6 f5 48. g5 Rf1 49. g6 f4 50.
g7 Rg1 51. Rg6 Rh1 52. g8=Q Rxh3+ 53. Kg5 Rg3+ 54. Kh6 1-0

[Event "*** SCC Grand Prix: Titled Tuesday Blitz"]
[Site "Chess.com"]
[Date "2020.09.29"]
[Round "8"]
[White "gmpeter008"]
[Black "Sven_Tica"]
[Result "1-0"]
[WhiteElo "2421"]
[BlackElo "2645"]
[TimeControl "180+1"]
[EndTime "11:32:31 PDT"]
[Termination "gmpeter008 won by resignation"]

1. d4 d5 2. Bf4 e6 3. e3 Bd6 4. Nf3 Qe7 5. Nbd2 Nd7 6. Bxd6 Qxd6 7. e4 dxe4 8. Nxe4 Qb4+ 9. c3 Qxb2 10. Rb1 Qa3 11. Bd3 Ngf6 12. O-O O-O 13. Rb3 Qa5 14. Re1 Nxe4 15. Rxe4 Nf6 16. Rh4 Rd8 17. Rb5 Qxa2 18. Bxh7+ Nxh7 19. Rbh5 Bd7 20. Rxh7 Kf8 21. Rg4 Be8 22.
Rgxg7 Rd5 23. h4 Rb5 24. Kh2 Qxf2 25. Ne5 Rd8 26. Qg4 Rxe5 27. dxe5 Rd2 28. Rg8+ Ke7 29.
Rhh8 Bb5 30. Qg5+ Kd7 31. Rd8+ Kc6 32. Rxd2 1-0

[Event "*** SCC Grand Prix: Titled Tuesday Blitz"]
[Site "Chess.com"]
[Date "2020.09.29"]
[Round "8"]
[White "K_A_S_T_O_R"]
[Black "GM_LOADING"]
[Result "1-0"]
[WhiteElo "2720"]
[BlackElo "2519"]
[TimeControl "180+1"]
[EndTime "11:32:33 PDT"]
[Termination "K_A_S_T_O_R won by resignation"]

1. e4 e5 2. Nf3 Nc6 3. Bb5 g6 4. d4 exd4 5. Bg5 Be7 6. Bxe7 Qxe7 7. Bxc6 dxc6 8. Qxd4 Nf6 9. Nc3 Bg4 10. Nd2 c5 11.
Qd3 O-O 12. h3 Be6 13. O-O Rad8 14. Qe3 b6 15. Nf3 Rfe8 16. Rfe1 Bc8 17. e5 Nd5 18.
Qh6 Qf8 19. Qxf8+ Kxf8 20. Ne4 Bb7 21. a3 Kg7 22. Rad1 Nf4 23. Nf6 Rh8 24. Kh2 Bxf3 25. gxf3 Nh5 26. Nxh5+ gxh5 27. Rg1+ Kh6 28. f4 Rhe8 29.
Kg3 Rg8+ 30. Kf3 Rxg1 31. Rxd8 Rc1 32. Rg8 Rxc2 33. f5 Rc1 34. e6 fxe6 35. f6 1-0

[Event "*** SCC Grand Prix: Titled Tuesday Blitz"]
[Site "Chess.com"]
[Date "2020.09.29"]
[Round "8"]
[White "Angel_Hranitel_37"]
[Black "goldenpuppy"]
[Result "0-1"]
[WhiteElo "2533"]
[BlackElo "2410"]
[TimeControl "180+1"]
[EndTime "11:32:33 PDT"]
[Termination "goldenpuppy won by checkmate"]

1. d4 Nf6 2. Nf3 e6 3. c4 c5 4. d5 exd5 5. cxd5 d6 6. Nc3 g6 7. Nd2 Bg7 8. e4 O-O 9. Be2 Na6 10. O-O Nc7 11. a4 Nfe8 12. Qc2 f5 13. Bd3 f4 14. f3 Qe7 15. Nb5 Nxb5 16. Bxb5 Nc7 17.
Bd3 h5 18. Nc4 g5 19. Bd2 b5 20. axb5 Nxb5 21. Bc3 Nd4 22. Qa4 Bd7 23. Qa6 Bb5 24.
Qa5 Bxc4 25. Bxc4 Be5 26. Bb5 g4 27. Bc6 Rab8 28. Qxa7 Qh4 29. Qc7 Ne2+ 30. Kh1 Bxc3 31. bxc3 Ng3+ 32. Kg1 Rb2 33. Ra7 Rxg2+ 34. Kxg2 Qh3+ 35.
Kf2 Qxf1# 0-1

[Event "*** SCC Grand Prix: Titled Tuesday Blitz"]
[Site "Chess.com"]
[Date "2020.09.29"]
[Round "8"]
[White "hungrycaterpillar4"]
[Black "kleopl"]
[Result "1-0"]
[WhiteElo "2615"]
[BlackElo "2463"]
[TimeControl "180+1"]
[EndTime "11:32:33 PDT"]
[Termination "hungrycaterpillar4 won on time"]

1. h3 e5 2. a3 d5 3. b4 Nf6 4. Bb2 Bd6 5. g3 a5 6. b5 Nbd7 7. Bg2 Nb6 8. d3 O-O 9. a4 c6 10. Nd2 cxb5 11. axb5 Bd7 12. Ngf3 Re8 13. e3 Bxb5 14.
O-O Bc6 15. Re1 Na4 16. Ba3 Nc3 17. Qc1 b5 18. Bxd6 Qxd6 19. d4 Nd7 20. dxe5 Nxe5 21. Nd4 b4 22. Nb1 Nb5 23. Nxc6 Nxc6 24. Rd1 d4 25. c4 bxc3 26. Nxc3 Nxc3 27. Qxc3 Ra6 28. exd4 a4 29. Qc4 Nb4 30. Rdb1 Rb8 31. Rxb4 Qxb4 32.
Qxa6 Qxd4 33. Rxa4 Qd1+ 34. Kh2 h5 35. Ra1 Qd4 36. Qa7 Qb2 37. Ra2 Qb1 38. Bd5 Rf8 39. Re2 Qd3 40. Qa2 g6 41. Qd2 Qf5 42. Be4 Qf6 43. Qf4 Qc3 44. Bd5 Kg7 45. Qe5+ Qxe5 46.
Rxe5 Rd8 47. Bb3 Rd7 48. Rb5 Rc7 49. h4 Kf6 50. Kg2 Kg7 51. Bd5 Rd7 52. Kf3 Re7 53.
Rb7 Rxb7 54. Bxb7 f6 55. Ke4 1-0

[Event "*** SCC Grand Prix: Titled Tuesday Blitz"]
[Site "Chess.com"]
[Date "2020.09.29"]
[Round "8"]
[White "keepitcool9499"]
[Black "djano"]
[Result "1-0"]
[WhiteElo "2609"]
[BlackElo "2452"]
[TimeControl "180+1"]
[EndTime "11:32:33 PDT"]
[Termination "keepitcool9499 won on time"]

1. d4 d5 2. c4 c6 3. cxd5 cxd5 4. Nc3 Nf6 5. Bf4 e6 6. Nf3 Bd6 7. Bg3 O-O 8. e3 Nc6 9. Bd3 Bxg3 10. hxg3 h6 11. Rc1 Bd7 12. Bb1 Re8 13. Qd3 Nb4 14. Qd2 Rc8 15. Ne5 Re7 16. g4 Nc6 17. Qd3 Be8 18.
g5 hxg5 19. e4 Rec7 20. exd5 exd5 21. Qh3 Kf8 22. Qh8+ Ke7 23. Qxg7 Nxd4 24. Rh6 Qd6 25. Qxg5 Qe6 26. Rxf6 Qxf6 27. Nxd5+ 1-0

[Event "*** SCC Grand Prix: Titled Tuesday Blitz"]
[Site "Chess.com"]
[Date "2020.09.29"]
[Round "8"]
[White "Bigfish1995"]
[Black "Oleksandr_Bortnyk"]
[Result "1-0"]
[WhiteElo "3111"]
[BlackElo "2905"]
[TimeControl "180+1"]
[EndTime "11:32:36 PDT"]
[Termination "Bigfish1995 won on time"]

1. e4 Nf6 2. e5 Nd5 3. d4 d6 4.
c4 Nb6 5. f4 dxe5 6. fxe5 Bf5 7. Be3 e6 8. Nc3 Bb4 9. Nf3 c5 10. a3 cxd4 11. Bxd4 Be7 12. c5 Nd5 13. Bb5+ Nc6 14.
Qa4 O-O 15. Bxc6 bxc6 16. Rd1 Nxc3 17. Bxc3 Qc7 18. Rd6 Qb7 19. Qxc6 Qb3 20. Nd4 Qc4 21. Nxf5 exf5 22. Qd5 Qf4 23. Bd2 Qh4+ 24. g3 Qh3 25. Rd7 Rae8 26. Kf2 f4 27. b4 Bg5 28. gxf4 Bh4+ 29.
Ke2 Qxa3 30. c6 a5 31. bxa5 Qa4 32. Rb1 Rc8 33. c7 1-0

[Event "*** SCC Grand Prix: Titled Tuesday Blitz"]
[Site "Chess.com"]
[Date "2020.09.29"]
[Round "8"]
[White "alexrustemov"]
[Black "Iskusnyh"]
[Result "0-1"]
[WhiteElo "2711"]
[BlackElo "2564"]
[TimeControl "180+1"]
[EndTime "11:32:36 PDT"]
[Termination "Iskusnyh won on time"]

1. d4 d5 2. c4 c6 3. Nc3 Nf6 4.
e3 a6 5. Qc2 e6 6. Nf3 c5 7.
cxd5 exd5 8. Be2 Nc6 9. O-O Be6 10.
Ne5 Rc8 11. Nxc6 Rxc6 12. dxc5 Bxc5 13. Rd1 O-O 14. Qd3 Qc7 15. Bf3 Bd6 16. h3 Bh2+ 17.
Kh1 Be5 18. Nxd5 Nxd5 19. Bxd5 Bxd5 20. Qxd5 Rd6 21. Qb3 Rxd1+ 22. Qxd1 Rd8 23. Qe2 Qc4 24. Qe1 Qc2 25. Bd2 Qxd2 26. Qxd2 Rxd2 27. Rc1 g6 28. f4 Bxb2 29. Rc7 Bf6 30. Rxb7 Rxa2 31. e4 Bh4 32. g4 Bg3 33. f5 g5 34. f6 h6 35. Re7 Re2 36. Kg1 a5 37. Kf1 Re3 0-1

[Event "*** SCC Grand Prix: Titled Tuesday Blitz"]
[Site "Chess.com"]
[Date "2020.09.29"]
[Round "8"]
[White "salomez"]
[Black "KacperPolOK"]
[Result "0-1"]
[WhiteElo "2243"]
[BlackElo "2387"]
[TimeControl "180+1"]
[EndTime "11:32:36 PDT"]
[Termination "KacperPolOK won on time"]

1. e4 c5 2. Nf3 Nc6 3. Bb5 d6 4. c3 Nf6 5. e5 dxe5 6. Nxe5 Bd7 7. Nxd7 Qxd7 8. O-O a6 9. Bxc6 Qxc6 10. d4 e6 11.
dxc5 Bxc5 12. Bg5 Rd8 13. Qe2 O-O 14. Bxf6 gxf6 15. Nd2 Kh8 16. Ne4 Be7 17. Rad1 f5 18.
Ng3 Bd6 19. Nh5 Rg8 20. f3 Bc7 21. Kh1 e5 22. f4 e4 23. Rxd8 Rxd8 24. Ng3 Qd5 25. Qh5 e3 26. Qe2 Qd2 27. Re1 Qxe2 28. Nxe2 Rd2 29. Nd4 Rxb2 30. Nxf5 Bxf4 31. g3 Bg5 32. Nxe3 Bxe3 33. Rxe3 b5 34. Re7 Kg7 35. a3 Rb3 36. Rb7 Rxa3 0-1

[Event "*** SCC Grand Prix: Titled Tuesday Blitz"]
[Site "Chess.com"]
[Date "2020.09.29"]
[Round "8"]
[White "Supernotar"]
[Black "stanyga"]
[Result "0-1"]
[WhiteElo "2776"]
[BlackElo "2626"]
[TimeControl "180+1"]
[EndTime "11:32:37 PDT"]
[Termination "stanyga won by resignation"]

1. d4 d5 2. c4 c6 3. e3 Nf6 4. Bd3 e6 5. Nd2 Nbd7 6. Ngf3 Bd6 7. O-O b6 8. Qe2 Bb7 9. e4 dxe4 10. Nxe4 Be7 11.
b3 c5 12. Bb2 cxd4 13. Nxd4 O-O 14. Rad1 a6 15. Ng5 Nc5 16. Bb1 Qc7 17. Ba1 h6 18.
Ngf3 Rad8 19. Ne5 Bd6 20. f4 Nce4 21. Kh1 Bxe5 22. fxe5 Qxe5 23. Rfe1 Qc5 24. Rf1 e5 25. b4 Qxb4 26. Nf5 Rxd1 27. Rxd1 Qc5 28. Rf1 Rd8 29. Bd3 Rxd3 30. Qxd3 Nf2+ 31. Rxf2 Qxf2 32. Ne3 Qe1+ 33. Nf1 Qxa1 34. Kg1 Qd4+ 35. Qxd4 exd4 0-1

[Event "*** SCC Grand Prix: Titled Tuesday Blitz"]
[Site "Chess.com"]
[Date "2020.09.29"]
[Round "8"]
[White "Margarita2907"]
[Black "ljuks68"]
[Result "1-0"]
[WhiteElo "2203"]
[BlackElo "2329"]
[TimeControl "180+1"]
[EndTime "11:32:37 PDT"]
[Termination "Margarita2907 won by resignation"]

1. e4 e6 2. d4 d5 3. Nd2 Nf6 4. e5 Nfd7 5. Bd3 c5 6. c3 Nc6 7. Ne2 cxd4 8. cxd4 f6 9. exf6 Qxf6 10. Nf3 h6 11.
O-O Bd6 12. Be3 O-O 13. a3 Rd8 14. Bc2 Nf8 15. Qd3 Bd7 16. Ng3 Be8 17. b4 a6 18.
Rfe1 Rac8 19. Rac1 g5 20. Nd2 h5 21. Nf3 Bf4 22.
Bxf4 Qxf4 23. Rcd1 g4 24. Ne5 Nxd4 25. Bb1 Nc6 26.
Nxc6 Rxc6 27. Ne2 Qf6 28. Nd4 Rc7 29. Qe3 Bf7 30. h3 Re8 31. hxg4 hxg4 32. Qg3 Qg7 33. Qxc7 e5 34. Nf5 Qg5 35. Nd6 Re7 36. Nxf7 Rxf7 37.
Qxe5 1-0

[Event "*** SCC Grand Prix: Titled Tuesday Blitz"]
[Site "Chess.com"]
[Date "2020.09.29"]
[Round "8"]
[White "catzapto"]
[Black "pavelalexandru07"]
[Result "1-0"]
[WhiteElo "2069"]
[BlackElo "2205"]
[TimeControl "180+1"]
[EndTime "11:32:37 PDT"]
[Termination "catzapto won by resignation"]

1. e4 e5 2. Nf3 Nc6 3. d4 exd4 4.
Bc4 Bc5 5. c3 Nf6 6. cxd4 Bb4+ 7. Nc3 d5 8. exd5 Nxd5 9. O-O Bxc3 10. bxc3 O-O 11. Bg5 f6 12. Qb3 Ne7 13. Bh4 c6 14. Rfe1 b5 15. Bd3 Kh8 16. Qc2 h6 17. Bg3 g5 18. a4 Bg4 19. axb5 cxb5 20. Bxb5 Bxf3 21. gxf3 Rc8 22. Rxa7 Rxc3 23. Qb2 Rxf3 24. Bc4 h5 25. Raxe7 Nxe7 26. Qe2 Rc3 27. Qxh5+ Kg7 28. Ba2 Qc7 29.
Bxc7 1-0

[Event "*** SCC Grand Prix: Titled Tuesday Blitz"]
[Site "Chess.com"]
[Date "2020.09.29"]
[Round "8"]
[White "RaunakSadhwani2005"]
[Black "Harsha_Bharathakoti"]
[Result "1-0"]
[WhiteElo "2935"]
[BlackElo "2756"]
[TimeControl "180+1"]
[EndTime "11:32:38 PDT"]
[Termination "RaunakSadhwani2005 won on time"]

1. Nf3 d5 2. e3 Nf6 3. c4 e6 4. b3 b6 5. Bb2 Bb7 6. Nc3 Nbd7 7. Be2 a6 8. O-O Bd6 9. Re1 O-O 10. Bf1 Qe7 11. cxd5 exd5 12. g3 Rfe8 13. Bg2 Ne4 14. Ne2 Ndf6 15. h3 c5 16. d3 Nxf2 17. Kxf2 Qxe3+ 18. Kf1 Nh5 19. Bc1 Qe6 20. g4 Qf6 21. Bg5 Qe6 22. gxh5 d4 23. Nexd4 Qd5 24. Nc2 Qf5 25.
Ne3 Qd7 26. Bh4 Bf4 27. Bf2 1-0

[Event "*** SCC Grand Prix: Titled Tuesday Blitz"]
[Site "Chess.com"]
[Date "2020.09.29"]
[Round "8"]
[White "Oscar-Luna"]
[Black "RasSanti"]
[Result "0-1"]
[WhiteElo "2141"]
[BlackElo "2314"]
[TimeControl "180+1"]
[EndTime "11:32:38 PDT"]
[Termination "RasSanti won on time"]

1. e4 e5 2. c4 c5 3. Nc3 Nc6 4. g3 Nf6 5. Bg2 d6 6. Nge2 Be6 7. d3 g6 8. h3 Bg7 9. O-O Qd7 10.
Kh2 a6 11. a3 O-O 12. Rb1 Nd4 13. b4 b6 14. f4 Rfb8 15. Be3 a5 16. b5 Rf8 17. Qd2 Rae8 18. Rf2 Nh5 19. f5 gxf5 20. exf5 Nxf5 21. Bg5 Nd4 22. Rbf1 f5 23. Bh6 Kh8 24. Nd5 Bxd5 25. Bxd5 Nxe2 26. Qxe2 Nxg3 27. Kxg3 Bxh6 28. Kh2 Bf4+ 29. Kh1 Rf6 30. Rg2 Rg6 31. Bc6 Qe7 32.
Bxe8 Qxe8 33. Rxg6 hxg6 34. Qf3 Qd8 0-1

[Event "*** SCC Grand Prix: Titled Tuesday Blitz"]
[Site "Chess.com"]
[Date "2020.09.29"]
[Round "8"]
[White "Zhigalko_Sergei"]
[Black "lachesisQ"]
[Result "0-1"]
[WhiteElo "2959"]
[BlackElo "3118"]
[TimeControl "180+1"]
[EndTime "11:32:39 PDT"]
[Termination "lachesisQ won by resignation"]

1. e4 b6 2. d4 Bb7 3. Bd3 e6 4. Nf3 Nf6 5. Qe2 d5 6. e5 Nfd7 7. O-O c5 8. c3 Nc6 9. Be3 Be7 10. Nbd2 g5 11. Ne1 Qc7 12. Qh5 O-O-O 13. Qxf7 Kb8 14.
Qxe6 h5 15. Bb5 Nf8 16. Qf5 Bc8 17. Qc2 Ne6 18. Qa4 Nxe5 19. dxe5 d4 20. cxd4 cxd4 21. Nc4 dxe3 22. Nxe3 a6 23. Be2 b5 24. Qc2 Qxe5 25.
Nf3 Qf6 26. Rfd1 g4 27. Nd5 Rxd5 28. Rxd5 Nf4 29. Rd2 Nxe2+ 30. Rxe2 gxf3 31. Re3 fxg2 32. Rae1 Bd6 33. Re8 Rxe8 34. Rxe8 Bc7 35. Qe4 Qg5 36. Qxg2 Qc1+ 37. Qf1 Bxh2+ 38. Kg2 Qc6+ 39. Kxh2 Qxe8 40. Qd3 Qe5+ 41. Qg3 Qxg3+ 42. Kxg3 Kc7 43. Kh4 Bg4 44. a3 Kd6 0-1